 Dungeon Crawl Stone Soup version 0.28-a0-8-g6e044cf (webtiles) character file.

Game seed: 7919110055380598844

107 MrTaco21 the Cudgeller (level 5, 0/41 HPs)
             Began as a Human Fighter on July 24, 2021.
             Slain by Grinder (8 damage)
             ... while paralysed by Grinder
             ... on level 3 of the Dungeon.
             The game lasted 00:03:30 (3212 turns).

MrTaco21 the Cudgeller (Human Fighter)              Turns: 3212, Time: 00:03:31

Health: 0/41       AC:  7    Str: 17    XL:     5   Next: 11%
Magic:  5/5        EV:  2    Int: 15    God:
Gold:   101        SH:  0    Dex: 12    Spells: 4/4 levels left

rFire   . . .      SeeInvis .   a - +0 flail
rCold   . . .      Faith    .   c - +0 kite shield
rNeg    . . .      Spirit   .   b - +0 scale mail
rPois   .          Reflect  .   (no helmet)
rElec   .          Harm     .   (no cloak)
rCorr   .          Rampage  .   (no gloves)
Will    .....                   h - +0 pair of boots
Stlth   ..........              (no amulet)
HPRegen 0.13/turn               k - +6 ring of intelligence
MPRegen 0.09/turn               m - ring of wizardry

@: paralysed
A: no striking features
a: no special abilities


You were on level 3 of the Dungeon.
You visited 1 branch of the dungeon, and saw 3 of its levels.

You collected 101 gold pieces.

Inventory:

Hand Weapons
 a - a +0 flail (weapon)
Armour
 b - a +0 scale mail (worn)
 c - a +0 kite shield (worn)
 h - a +0 pair of boots (worn)
   (You found it on level 1 of the Dungeon)
Jewellery
 k - a +6 ring of intelligence (left hand)
   (You found it on level 2 of the Dungeon)
 m - a ring of wizardry (right hand)
   (You found it on level 2 of the Dungeon)
Scrolls
 f - 2 scrolls of identify {unknown}
 g - a scroll of fear {unknown}
 i - a scroll of fog {unknown}
 l - a scroll of vulnerability {unknown}
 p - a scroll of teleportation {unknown}
 q - 3 scrolls of amnesia {unknown}
Potions
 d - a potion of might
 e - a potion of brilliance {unknown}
 j - a potion of attraction {unknown}
 n - a potion of curing {unknown}
 o - a potion of mutation {unknown}


   Skills:
 - Level 3.0 Fighting
 + Level 4.9 Maces & Flails
 - Level 3.0 Armour
 - Level 3.0 Shields


You had 4 spell levels left.
You didn't know any spells.
Your spell library contained the following spells:

 Spells                   Type           Power      Damage    Failure   Level
 Animate Skeleton         Necr           0%         N/A       82%         1
 Apportation              Tloc           0%         N/A       82%         1
 Corona                   Hex            0%         N/A       82%         1
 Pain                     Necr           0%         1d4       82%         1
 Summon Small Mammal      Summ           0%         N/A       82%         1
 Vampiric Draining        Necr           0%         2d6       99%         3
 Summon Forest            Summ/Tloc      0%         N/A       100%        5
 Eringya's Noxious Bog    Tmut/Pois      0%         N/A       100%        6
 Summon Hydra             Summ           0%         N/A       100%        7


Dungeon Overview and Level Annotations

Branches:
Dungeon (3/15)

Altars:
Ashenzari
Fedhas
Makhleb

Annotations:
D:3 Grinder


Message History

You miss the bat. You block the bat's attack.
The bat hits you but does no damage. The bat closely misses you.
You barely miss the bat. You block the bat's attack.
The bat completely misses you. The bat barely misses you.
You barely miss the bat. The bat barely misses you. You block the bat's attack.
The bat hits you but does no damage. x2
You hit the bat.
You kill the bat!
No target in view!
No target in view!
No target in view!
No target in view!
No target in view!
No target in view!
No target in view!
No target in view!
No target in view!
No target in view!
No target in view!
No target in view!
You see here a bat corpse.
Found 13 stones.
You see here 13 stones.
Grinder comes into view.
Grinder shouts!
Grinder hits you but does no damage.
You hit Grinder. Grinder hits you but does no damage.
You block Grinder's attack.
You hit Grinder. You block Grinder's attack.
You closely miss Grinder.
Grinder blinks!
Grinder hits you.
You closely miss Grinder. Grinder gestures at you.
You barely resist. Grinder hits you.
You writhe in agony.
You hit Grinder. Grinder hits you but does no damage.
You closely miss Grinder. Grinder gestures at you.
You suddenly lose the ability to move!
Grinder gestures at you. Pain shoots through your body! Grinder hits you!
* * * LOW HITPOINT WARNING * * *
You writhe in agony.
* * * LOW HITPOINT WARNING * * *
Grinder hits you.
* * * LOW HITPOINT WARNING * * *
You writhe in agony.
* * * LOW HITPOINT WARNING * * *
Grinder hits you!
You die...

#.#...........#.#^##
#.#..########.......
#.#..# #.######
#.#..# #.#.....
#.#..# #.#.....
#.#..# ##.#..###
#.#..# #..'..#_'
#.#..#######..#..###
#.#@..........#.....
#.#5#########.#.....
#.#...........######
#.#####.#####.......
#.##############.###
#...(............#
################.#
#.# ###


You could see Grinder.

Vanquished Creatures
  3 adders
  5 dart slugs
  4 endoplasms
  4 giant cockroaches (D:3)
  10 goblins
  6 hobgoblins
  8 jackals
  2 quokkas (D:3)
  3 ball pythons
  5 bats
  2 frilled lizards (D:2)
  9 kobolds
  5 rats
66 creatures vanquished.

Notes
Turn   | Place    | Note
-------+----------+-------------------------------------------
     0 | D:1      | MrTaco21 the Human Fighter began the quest for the Orb.
     0 | D:1      | Reached XP level 1. HP: 18/18 MP: 1/1
    22 | D:1      | Found a broken altar of Ashenzari.
    27 | D:1      | Reached XP level 2. HP: 5/24 MP: 2/2
   476 | D:1      | Reached skill level 3 in Maces & Flails
   809 | D:1      | Reached XP level 3. HP: 25/29 MP: 3/3
  1340 | D:2      | Reached skill level 4 in Maces & Flails
  1340 | D:2      | Reached XP level 4. HP: 30/35 MP: 4/4
  2538 | D:3      | Found a blossoming altar of Fedhas.
  2631 | D:3      | Reached XP level 5. HP: 34/41 MP: 5/5
  2694 | D:3      | Found a broken altar of Ashenzari.
  2745 | D:3      | Found a burning altar of Makhleb.
  3067 | D:3      | Found a faded altar of an unknown god.
  3199 | D:3      | Noticed Grinder
  3209 | D:3      | Paralysed by Grinder for 6 turns
  3212 | D:3      | Slain by Grinder

Illustrated notes

Levels and vault maps discovered:
D:1:      sevenhm_arrival_forest_fort_small_6, layout_rooms
D:2:      minmay_skewed_foursquare, layout_basic, chequers_serial_rivers_small_3
D:3:      layout_basic, mainiacjoe_overflow_large_starburst,
          mainiacjoe_overflow_surrounded_room,
          hellmonk_ecumenical_altar_inner_sanctum, kennysheep_generic_room_13,
          uniq_grinder

Skill      XL: |  1  2  3 |
---------------+----------+-----
Maces & Flails | 3 4 |  4.9
Fighting       | |  3.0
Armour         | |  3.0
Shields        | |  3.0

Action                   |  1- 3 |  4- 6 || total
-------------------------+-------+-------++-------
Melee: Flail             |   117 |   127 ||   244
Armor: Scale mail        |    94 |    76 ||   170
Dodge: Dodged            |    40 |    36 ||    76
Block: Kite shield       |    74 |    76 ||   150

Table legend: (Time is in decaauts)
 A = Elapsed time spent in this place.
 B = Non-inter-level travel time spent in this place.
 C = Inter-level travel time spent in this place.
 D = Time resting spent in this place.
 E = Time spent auto-exploring this place.
 F = Levels seen in this place.
 G = Mean time per level.
                   A        B        C        D        E       F      G
               +--------+--------+--------+--------+--------+-----+--------+
         Total |   3323 |   3310 |     13 |    630 |   2122 |   3 | 1107.7 |
       Dungeon |   3323 |   3310 |     13 |    630 |   2122 |   3 | 1107.7 |
               +--------+--------+--------+--------+--------+-----+--------+

Top non-repeatable levels by time:
     D:3: 1246 daAuts
     D:1: 1042 daAuts
     D:2: 1034 daAuts
